Map: Aura letal EJ

Players

Garbanzo

  • Race: Terran Terran
  • Spawn Location: 5:00

Leavage - Winner!

  • Race: Terran Terran
  • League: Platinum
  • Spawn Location: 11:00

VOD

Have the link to the VOD?

Description

Time

  • Played on: Aug. 3, 2020, 10:55 p.m.
  • Length: 18:50
Show
View Real Time Build Order
Export as new Build Order

Garbanzo Terran 

Build Orders:  

Get SALT Encoding   

  12  0:00  SCV  
  13  0:13  SCV  
  14  0:22  Supply Depot  
  14  0:30  SCV  
  15  0:45  Barracks  
  15  0:49  SCV  
  16  1:06  SCV  
  17  1:18  SCV  
  17  1:19  Command Center  
  18  1:30  Refinery  
  18  1:39  Marine  
  19  1:52  Supply Depot  
  19  1:55  SCV  
  20  2:01  Engineering Bay  
  20  2:03  Marine  
  20  2:07  SCV  
  22  2:13  Refinery  
  22  2:21  Marine  
  23  2:25  Barracks  
  23  2:32  SCV  
  23  2:36  SCV  
  25  2:46  Factory  
  25  2:52  SCV  
  25  2:54  SCV  
  27  3:02  Terran Infantry Weapons Level 1  
  27  3:06  SCV x2  
  27  3:09  Barracks Tech Lab  
  29  3:31  Starport  
  29  3:37  SCV  
  29  3:39  Orbital Command  
  30  3:45  Widow Mine  
  32  3:50  Barracks Reactor  
  32  3:52  Marauder  
  34  4:01  SCV, Refinery  
  34  4:02  Refinery  
  35  4:10  Supply Depot  
  35  4:13  SCV  
  36  4:20  Armory  
  36  4:21  Factory Tech Lab  
  36  4:39  Marine x2  
  36  4:40  Marauder  
  36  4:41  SCV  
  36  4:43  SCV  
  42  4:48  Medivac  
  44  4:56  Terran Infantry Armor Level 1  
  44  5:00  SCV  
  44  5:04  SCV  
  46  5:15  Command Center  
  46  5:20  Missile Turret  
  46  5:21  SCV  
  46  5:28  Engineering Bay  
  47  5:32  Supply Depot  
  47  5:37  Orbital Command  
  47  5:40  Starport Tech Lab  
  47  5:41  Siege Tank  
  50  5:59  Liberator  
  53  6:10  SCV  
  54  6:12  SCV  
  54  6:13  Siege Tank  
  58  6:35  Missile Turret  
  58  6:39  Bunker  
  58  6:40  SCV  
  58  6:41  SCV  
  58  6:43  Marine x3  
  58  6:46  Siege Tank  
  66  6:50  Hi-Sec Auto Tracking  
  66  7:00  Marine  
  67  7:05  Viking, Missile Turret  
  61  7:08  Neosteel Armor  
  69  7:18  Orbital Command, Siege Tank  
  72  7:29  Missile Turret  
  72  7:31  Fusion Core  
  72  7:35  Viking  
  74  7:41  Missile Turret  
  74  7:51  Terran Vehicle And Ship Armor Level 1  
  74  7:54  Terran Infantry Weapons Level 2  
  74  8:03  Widow Mine  
  76  8:13  Marauder, Marine  
  76  8:15  Concussive Shells  
  79  8:20  Drilling Claws  
  79  8:25  Orbital Command  
  79  8:35  Marauder  
  79  8:40  Liberator  
  75  9:20  SCV  
  76  9:32  SCV  
  77  9:44  SCV  
  78  9:49  SCV  
  78  9:50  Missile Turret  
  79  10:01  SCV  
  80  10:13  SCV, Missile Turret  
  81  10:19  Supply Depot  
  81  10:21  Terran Infantry Armor Level 2  
  81  10:24  Terran Infantry Weapons Level 3  
  81  10:25  Terran Ship Weapons Level 1  
  81  10:27  Battlecruiser  
  87  10:29  SCV  
  87  10:34  Bunker  
  88  10:41  SCV  
  89  10:42  Supply Depot  
  89  10:43  Advanced Ballistics  
  89  11:04  Marine x3  
  90  11:07  Supply Depot, Siege Tank  
  95  11:15  Refinery  
  95  11:21  Refinery, Marine  
  95  11:22  Marauder, Marine  
  98  11:40  Widow Mine  
  98  11:43  Missile Turret  
  98  11:44  Marauder  
  97  12:01  Widow Mine  
  85  12:49  Missile Turret  
  85  12:55  Missile Turret  
  78  13:08  Marine x3  
  66  13:26  Marine  
  70  13:27  Siege Tank  
  70  13:32  Medivac  
  56  13:59  Siege Tank  
  59  14:13  Command Center  
  57  14:17  Missile Turret  
  57  14:31  Siege Tank  
  60  14:37  Marine x3  
  63  14:38  Missile Turret  
  63  14:54  Marine  
  63  14:55  Marine x2  
  66  15:03  Siege Tank  
  67  15:15  Viking  
  67  15:19  Terran Ship Weapons Level 2  
  69  15:22  Terran Infantry Armor Level 3  
  58  15:45  Viking  
  52  16:15  Viking  
  54  16:45  Viking  
  54  16:58  Supply Depot  
  50  17:38  Siege Tank  
  40  18:01  SCV  
Show
View Real Time Build Order
Export as new Build Order

Leavage Terran - Winner!

Build Orders: Reaper Expand 

Get SALT Encoding   

  12  0:00  SCV  
  13  0:16  Supply Depot  
  13  0:18  SCV  
  14  0:30  SCV  
  15  0:39  Barracks  
  15  0:42  SCV  
  16  0:45  Refinery  
  16  0:54  SCV  
  17  1:06  SCV  
  18  1:19  SCV  
  19  1:29  Reaper  
  20  1:32  Orbital Command  
  20  1:48  Command Center  
  20  1:55  Supply Depot  
  20  2:00  SCV  
  21  2:12  Marine  
  21  2:13  SCV  
  23  2:20  Factory  
  23  2:28  SCV  
  24  2:35  Refinery  
  24  2:41  SCV  
  25  2:53  Barracks Reactor, SCV  
  26  3:01  Orbital Command  
  26  3:05  SCV  
  27  3:08  Starport, Factory Tech Lab  
  27  3:17  SCV  
  28  3:28  SCV, Supply Depot  
  28  3:29  SCV  
  28  3:32  Bunker  
  30  3:34  Marine  
  30  3:35  Marine  
  30  3:38  Siege Tank  
  30  3:40  SCV  
  36  3:41  SCV  
  37  3:50  Supply Depot  
  37  3:52  SCV, Marine x2  
  37  3:53  Starport Tech Lab  
  40  3:57  SCV  
  41  4:04  SCV  
  41  4:09  SCV  
  43  4:11  Siege Tank  
  43  4:16  SCV  
  47  4:20  Supply Depot  
  47  4:22  SCV  
  48  4:28  SCV  
  49  4:34  SCV  
  49  4:36  Raven  
  52  4:40  SCV  
  53  4:47  SCV  
  53  4:49  Marine x2  
  56  4:53  SCV  
  58  5:00  SCV, Refinery  
  58  5:01  Refinery  
  58  5:02  Supply Depot  
  58  5:07  Barracks  
  58  5:11  Marine x2, Barracks  
  58  5:12  SCV  
  61  5:21  Supply Depot  
  61  5:24  Supply Depot  
  61  5:25  SCV  
  62  5:29  Marine x2  
  62  5:30  SCV  
  62  5:31  Starport Reactor  
  68  5:37  SCV  
  68  5:42  SCV  
  70  5:45  Command Center  
  70  5:46  Marine  
  70  5:47  Engineering Bay, Marine  
  70  5:49  SCV  
  73  5:53  Engineering Bay  
  73  5:55  Armory  
  73  5:59  Barracks Reactor  
  73  6:03  Barracks  
  74  6:04  SCV, Marine x2  
  74  6:11  SCV  
  77  6:13  Marine  
  78  6:19  Supply Depot  
  78  6:21  Supply Depot  
  78  6:22  Marine x2  
  78  6:25  Stimpack  
  80  6:31  SCV, Marine  
  80  6:32  Medivac x2  
  86  6:40  Marine  
  86  6:42  Missile Turret x2  
  86  6:44  Marine  
  86  6:45  Marine x2  
  90  6:52  Barracks Tech Lab  
  90  6:53  Marine  
  91  6:57  Siege Tank  
  91  7:06  Marine x4  
  91  7:07  Orbital Command  
  95  7:11  Marine x2  
  97  7:24  Marine  
  98  7:38  SCV  
  98  7:39  SCV x2  
  98  7:42  Combat Shield, Marine x2  
  103  7:46  Terran Vehicle Weapons Level 1  
  103  7:47  Terran Infantry Weapons Level 1, Terran Infantry Armor Level 1, Factory Tech Lab  
  103  7:50  SCV  
  103  7:51  SCV  
  105  7:54  Supply Depot  
  105  7:57  Supply Depot  
  105  8:05  Marine x6  
  109  8:10  Siege Tank  
  114  8:22  Marine  
  114  8:23  Marine  
  114  8:24  SCV x3  
  114  8:25  Marine  
  114  8:26  Marine x3  
  123  8:29  Viking x2  
  126  8:40  Marine x2  
  128  8:42  Siege Tank  
  128  8:43  Marine x2  
  123  9:04  Marine x6  
  129  9:10  Viking x2  
  129  9:14  Starport, Siege Tank  
  136  9:21  Marine  
  136  9:22  Marine x5  
  142  9:37  Refinery  
  142  9:38  Refinery  
  142  9:39  Marine x2  
  142  9:40  Terran Ship Weapons Level 1, Marine x4  
  148  9:50  Command Center  
  148  9:52  Starport Reactor  
  148  10:00  Marine  
  149  10:07  Marine x5, Siege Tank  
  149  10:10  Supply Depot  
  149  10:11  Supply Depot  
  149  10:12  Terran Infantry Weapons Level 2  
  149  10:13  Supply Depot x2, Terran Infantry Armor Level 2  
  157  10:31  Viking x2, Marine x4  
  157  10:32  Marine x2  
  167  10:38  Command Center  
  167  10:45  Siege Tank  
  167  10:46  Viking x2  
  167  10:49  Marine  
  175  11:01  Viking  
  177  11:53  Planetary Fortress, Missile Turret  
  177  11:54  Marine  
  177  11:55  Marine x5  
  183  12:12  Marine x6  
  158  12:30  Marine x5  
  158  12:31  Marauder  
  142  12:48  Marine x4  
  142  12:49  Marauder  
  141  13:06  Marine x3  
  141  13:07  Marine  
  137  13:16  Marine  
  133  13:31  Supply Depot  
  133  13:32  Supply Depot  
  133  13:34  Supply Depot  
  133  13:36  Supply Depot  
  133  13:45  Command Center  
  133  13:53  Viking x3, SCV, Marine  
  133  13:54  Viking, SCV, Siege Tank  
  147  13:56  Marine  
  147  13:57  Marine x2  
  150  14:05  SCV  
  150  14:06  SCV  
  150  14:09  Factory  
  151  14:23  Medivac  
  152  14:24  Medivac  
  152  14:26  Siege Tank  
  154  15:29  Planetary Fortress  
  154  15:32  Marine x5  
  154  15:33  Marine  
  154  15:34  Medivac x2  
  164  15:50  Marine x2  
  166  16:00  Command Center  
  166  16:05  Marine x3  
  166  16:06  Marine  
  166  16:07  Medivac x2, Marine  
  166  16:09  Terran Infantry Weapons Level 3, Terran Infantry Armor Level 3  
  175  16:31  Refinery  
  175  16:35  Refinery  
  174  17:11  Siege Tank  
  174  17:14  Marine x3  
  174  17:15  Marauder x2, Marine  
  178  17:36  Marauder  
  165  18:01  Marine x2  
Tags
 
League
Platinum
Matchup
TvT
Race
Terran
Spawn Locations
Cross Positions
Add a new tag
Caveats
  • Supply blocks, unpowered buildings, or Contaminate may cause inaccurate times.
  • Supply counts are checked every 10 seconds.